 Dungeon Crawl Stone Soup version 0.27.0-66-gdc8fb28755 (webtiles) character file.

Game seed: 11574752512368869529

1082 shadowrider38 the Grappler (level 8, -1/63 HPs)
             Began as a Ghoul Monk on Aug 20, 2021.
             Was an Initiate of Ru.
             Slain by an ogre (23 damage)
             ... on level 5 of the Dungeon.
             The game lasted 00:13:41 (6076 turns).

shadowrider38 the Grappler (Ghoul Monk)             Turns: 6076, Time: 00:13:43

Health: -1/63      AC:  6    Str: 17    XL:     8   Next: 30%
Magic:  7/7        EV: 12    Int:  5    God:    Ru [......]
Gold:   195        SH:  0    Dex: 11    Spells: 7/7 levels left

rFire    + + .     SeeInvis .     - Unarmed
rCold    + + .     Faith    .   (no shield)
rNeg     + + +     Spirit   .   y - +3 leather armour of Stoicism {rF+ Regen+}
rPois    ∞         Reflect  .   (no helmet)
rElec    .         Harm     .   z - scarf {rC+ rF+}
rCorr    .         Rampage  .   (no gloves)
Will     .....                  (no boots)
Stlth    ++........             (no amulet)
HPRegen  0.00/turn              (no ring)
MPRegen  0.10/turn              (no ring)

@: inhibited regen
A: claws 1, cold resistance 1, negative energy resistance 3, inhibited
regeneration, torment resistance 2
a: Renounce Religion, Sacrifice Stealth, Sacrifice Resistance, Sacrifice Love,
Reject Sacrifices


You were on level 5 of the Dungeon.
You worshipped Ru.
Ru was noncommittal.
You visited 1 branch of the dungeon, and saw 6 of its levels.
You also visited: Sewer.

You collected 195 gold pieces.

Inventory:

Hand Weapons
 h - a +3 short sword
Missiles
 c - 65 stones
 f - 3 atropa-tipped darts
 j - 7 poisoned darts
 A - a throwing net
 B - a curare-tipped dart (quivered)
Armour
 b - a +0 buckler
 d - a +0 plate armour
 v - a +2 scale mail of fire resistance
 y - the +3 leather armour of Stoicism (worn) {rF+ Regen+}
   (You found it on level 4 of the Dungeon)

   rF:        It protects you from fire.
   Regen:     It increases your rate of health regeneration.
 z - a scarf of resistance (worn)
Jewellery
 w - a +6 ring of dexterity
Wands
 g - a wand of acid (10)
Scrolls
 e - 2 scrolls of fear
 s - a scroll of summoning {unknown}
 t - a scroll of noise
 u - a scroll of magic mapping {unknown}
 x - a scroll of teleportation
Potions
 a - a potion of might {unknown}
 i - 2 potions of berserk rage
 k - a potion of lignification
 l - 2 potions of curing
 m - 3 potions of flight {unknown}
 n - 2 potions of cancellation {unknown}
 o - 2 potions of haste
 p - a potion of magic {unknown}
 q - 3 potions of heal wounds
 r - a potion of resistance {unknown}


   Skills:
 - Level 3.5 Fighting
 - Level 2.8 Dodging
 - Level 2.2 Stealth
 + Level 10.6 Unarmed Combat


You had 7 spell levels left.
You didn't know any spells.
Your spell library contained the following spells:

 Spells                   Type           Power      Damage    Failure   Level
 Slow                     Hex            0%         N/A       69%         2
 Confusing Touch          Hex            0%         N/A       89%         3
 Vampiric Draining        Necr           0%         2d6       89%         3


Dungeon Overview and Level Annotations

Branches:
Dungeon (6/15)              Sewer (visited)
 Temple: D:4-7

Altars:
Nemelex Xobeh
Ru

Shops:
D:2 [

Annotations:
D:5 1 runed translucent door, Crazy Yiuf


Innate Abilities, Weirdness & Mutations

You thrive by killing the living.
You are immune to poison.
You have sharp fingernails.
Your flesh is cold resistant. (rC+)
You are immune to negative energy. (rN+++)
You do not regenerate when monsters are visible.
You are immune to unholy pain and torment.


Message History

You kill the orc wizard!
You feel better.
There is a stone staircase leading up here.
Things that are here:
a +0 dagger; a +0 robe; an orc corpse You climb upwards.
Level annotation: 1 runed translucent door, Crazy Yiuf
There is a stone staircase leading down here.
You start resting.
HP restored.
You climb downwards.
You hear the hiss of flowing sand.
There is an entrance to an ossuary on this level.
Hurry and find it before the portal is buried!
A hound comes into view.
The ogre hits you with a +0 giant spiked club!!
The howler monkey zombie hits you but does no damage.
The hound barks!
There is a stone staircase leading up here.
Things that are here:
a +0 robe; a +0 dagger; an orc corpse The ogre hits you with a +0 giant spiked club!
The howler monkey zombie misses you.
You climb upwards.
Level annotation: 1 runed translucent door, Crazy Yiuf
There is a stone staircase leading down here.
Things that are here:
a +0 dagger; a water moccasin skeleton
Items here: )) [[ ÷÷.
Press: ? - help, v - describe, . - travel
Here: an ogre, wielding a +0 giant spiked club The floor.
Unknown command.
The ogre barely misses you.
Throw: 2 darts (curare)
Press: ? - help, Q - select action, (/) - cycle Shift-Dir - straight line, f - ogre
Aim: an ogre, wielding a +0 giant spiked club (72% to hit)
You throw a curare-tipped dart.
The curare-tipped dart barely misses the ogre.
The ogre hits you with a +0 giant spiked club!!
You die...

#.# #.##.# ♣♣.♣♣ #.#
#.##.# ♣.♣♣ #.# #....#
♣♣.♣ ### #.# #..###
♣.♣♣ ##.## #.# #..#
♣♣.♣
##...#######.#####..#
#+#
#...........#.......###
...
##<..#######O#####....#
#...# ##.## #.@# ##...#
#..)#
#.#########.#####.###
#####
#.................#
#..#####.##.##.##.#
###### #..#
#.##.##.##.# ##.....
#..# #.##.##.##.#
#...... #..#
#.##.#.#.#.## #....<.
#####..# #.##..###...#
#...... #......#
#..###.#.#..# #......


You could see an ogre.

Vanquished Creatures
  2 water moccasins
  An orc warrior (D:5)
  An ogre (D:4)
  A phantom (D:5)
  A bullfrog (D:5)
  A scorpion (D:5)
  A water moccasin skeleton (D:4)
  A hound (D:4)
  A jelly (D:4)
  A gnoll shaman (D:5)
  A bullfrog skeleton (D:4)
  A centaur skeleton (D:3)
  4 orc wizards
  7 adders
  4 gnolls
  An ufetubus (D:4)
  5 dart slugs
  14 orcs
  11 bats
  2 endoplasms
  6 giant cockroaches
  3 goblins (D:1)
  10 jackals
  7 kobolds
  4 quokkas
  4 ball pythons
  3 frilled lizards (D:1)
  4 rats
102 creatures vanquished.

Vanquished Creatures (others)
  A fungus (D:2)
  3 plants (D:2)
4 creatures vanquished.

Grand Total: 106 creatures vanquished

Notes
Turn   | Place    | Note
-------+----------+-------------------------------------------
     0 | D:1      | shadowrider38 the Ghoul Monk began the quest for the Orb.
     0 | D:1      | Reached XP level 1. HP: 19/19 MP: 0/0
   221 | D:1      | Reached XP level 2. HP: 26/26 MP: 1/1
   373 | D:1      | Reached skill level 4 in Unarmed Combat
   621 | D:2      | Found Lawoth's Armour Boutique.
   709 | D:2      | Reached XP level 3. HP: 24/31 MP: 2/2
  1088 | D:2      | Found a faded altar of an unknown god.
  1367 | D:2      | Became a worshipper of Ru the Awakened
  2054 | D:3      | Reached XP level 4. HP: 35/38 MP: 3/3
  2061 | D:3      | Reached skill level 5 in Unarmed Combat
  2409 | D:4      | Found a glowing drain.
  2440 | D:4      | Reached XP level 5. HP: 13/45 MP: 4/4
  2673 | Sewer    | Entered a sewer
  2741 | Sewer    | Noticed a water moccasin
  2755 | Sewer    | Killed a water moccasin
  2756 | Sewer    | Reached skill level 6 in Unarmed Combat
  2756 | Sewer    | Reached XP level 6. HP: 32/51 MP: 5/5
  3069 | D:4      | Reached skill level 7 in Unarmed Combat
  3627 | D:4      | Found a sparkling altar of Nemelex Xobeh.
  3935 | D:4      | Identified the +3 leather armour of Stoicism {rF+ Regen+}
  3951 | D:5      | Entered Level 5 of the Dungeon
  4009 | D:4      | Reached skill level 8 in Unarmed Combat
  4024 | D:4      | Reached XP level 7. HP: 50/57 MP: 6/6
  4286 | D:5      | Reached skill level 9 in Unarmed Combat
  4312 | D:5      | Found a runed translucent door.
  4313 | D:5      | Noticed Crazy Yiuf
  5639 | D:5      | Reached skill level 10 in Unarmed Combat
  5639 | D:5      | Reached XP level 8. HP: 21/63 MP: 7/7
  6076 | D:5      | Slain by an ogre

Illustrated notes

Levels and vault maps discovered:
D:1:      lemuel_arrival_muddy, layout_rooms
D:2:      layout_basic, serial_shops, shop,
          shapermc_ecumenical_altar_mp_ritualfount, kennysheep_cross_room
D:3:      layout_basic
D:4:      layout_cave_pods, nemelex_spade_bored_becter, portal_sewer_entry_f,
          serial_column_ruins, column_ruins_open_small_water,
          column_ruins_open_small, column_ruins_grid_4, column_ruins_open_tiny,
          column_ruins_grid_1, column_ruins_columns_straight
D:5:      layout_loops_ring, uniq_crazy_yiuf_cottage
D:6:      layout_cave_pools, minmay_temple_entry_ruins, enter_ossuary_4,
          eino_small_chamber_without_monster, wad_floor_pattern_2

Skill      XL: |  1  2  3  4  5  6  7 |
---------------+----------------------+-----
Unarmed Combat | 4 5 6 8 10 | 10.6
Fighting       | |  3.5
Dodging        | |  2.8
Stealth        | |  2.2

Action                   |  1- 3 |  4- 6 |  7- 9 || total
-------------------------+-------+-------+-------++-------
Melee: Unarmed           |   120 |   139 |   117 ||   376
       Punch             |     1 |     1 |       ||     2
Throw: Dart              |       |       |     1 ||     1
  Use: Scroll            |       |     8 |     1 ||     9
 Stab: Sleeping          |       |       |     1 ||     1
Armor: Plate armour      |    92 |    93 |       ||   185
       Robe              |     2 |       |       ||     2
       Leather armour    |       |    16 |    28 ||    44
Dodge: Dodged            |    41 |    42 |    70 ||   153
